 Dungeon Crawl Stone Soup version 0.30-a0-870-gc5d4c5acee (webtiles) character file.

Game seed: 13872146031708556534

1560083 browni3141 the Cloud Mage (level 25, 150/150 HPs)
             Began as a Vine Stalker Air Elementalist on Mar 11, 2023.
             Was a High Priest of Ashenzari.
             Escaped with the Orb
             ... and 3 runes on Mar 12, 2023!
             The game lasted 03:09:15 (70910 turns).

browni3141 the Cloud Mage (VSAE)                   Turns: 70910, Time: 03:09:15

Health: 150/150    AC: 25    Str: 19    XL:     25   Next: 2%
Magic:  53/59      EV: 22    Int: 38    God:    Ashenzari [*****.]
Gold:   492        SH: 12    Dex: 20    Spells: 16/69 levels left

rFire   + . .      SeeInvis +    X - +7 quick blade "Chained Portent" {elec, Stlth+, Cun, Elem} (curse)
rCold   . . .      Faith    .    d - +3 warlock's mirror {omnireflect}
rNeg    + + .      Spirit   +    R - +6 scale mail "Behold Eternity" {rPois rF+ rN+ Will+, Elem, Evo} (curse)
rPois   +          Reflect  +    N - +1 helmet of Supernal Knowledge {+Blink Int+8 Stlth+, Range, Elem} (curse)
rElec   +          Rampage  .    e - +3 cloak of the Fated Paranoia {Str+6, Fort, Bglg} (curse)
rCorr   .          Clarity  +    p - +0 pair of gloves of the Eternal Firmament {Fort, Comp} (curse)
Will    +++++                    Y - +2 pair of boots of Ashenzari's Augurer {Bglg, Cun} (curse)
Stlth   +++                      n - amulet of the Fated Polytheism {Reflect +Inv rElec Will+ Regen+ SH+5, Self, Evo} (curse)
HPRegen 2.05/turn                J - ring of Supernal Wisdom {rElec rF- MP+9 Int+7 Dex+3, Cun, Self} (curse)
MPRegen 0.36/turn                m - ring of Supernal Wisdom {rF+ rN+, Elem, Range} (curse)

@: no status effects
A: fangs 3, regeneration 1, magic shield, antimagic bite, no potion heal 2,
deformed body, deterioration 1, robust 1, inability to read after injury 1,
devolution 1
0: Orb of Zot
}: 3/15 runes: decaying, serpentine, abyssal
a: Renounce Religion, Evoke Blink, Evoke Invisibility, Curse Item, Shatter the
Chains


You escaped.
You worshipped Ashenzari.
Ashenzari was extremely pleased with you.
You visited 9 branches of the dungeon, and saw 43 of its levels.
You visited the Abyss 1 time.
You visited 1 bazaar.
You also visited: Sewer, Bailey, Gauntlet and Ice Cave.

You collected 5364 gold pieces.
You spent 4872 gold pieces at shops.

Inventory:

Hand Weapons
 X - the cursed +7 quick blade "Chained Portent" (weapon) {elec, Stlth+, Cun, Elem}
   (You acquired it on level 5 of the Dungeon)

   Stlth:     It makes you more stealthy.
   It has a curse which improves the following skills: Cunning: Dodging and
   Stealth.
   Elements:  Fire Magic, Ice Magic, Air Magic and Earth Magic.
Armour
 d - the +3 warlock's mirror (worn) {omnireflect}
   (You bought it in a shop in a bazaar)

   Omnireflect: It can block and reflect piercing ranged attacks and magical
   attacks against the wielder's willpower.
 e - the cursed +3 cloak of the Fated Paranoia (worn) {Str+6, Fort, Bglg}
   (You bought it in a shop in a bazaar)

   Str:       It affects your strength (+6).
   It has a curse which improves the following skills: Fortitude: Armour and
   Shields.
   Beguiling: Conjurations, Hexes and Translocations.
 p - the cursed +0 pair of gloves of the Eternal Firmament (worn) {Fort, Comp}
   (You found it on level 3 of the Dungeon)

   It has a curse which improves the following skills: Fortitude: Armour and
   Shields.
   Companions: Summonings and Necromancy.
 N - the cursed +1 helmet of Supernal Knowledge (worn) {+Blink Int+8 Stlth+, Range, Elem}
   (You found it in a Gauntlet)

   Int:       It affects your intelligence (+8).
   +Blink:    It lets you blink.
   Stlth:     It makes you more stealthy.
   It has a curse which improves the following skills: Ranged Combat: Ranged
   Weapons and Throwing.
   Elements:  Fire Magic, Ice Magic, Air Magic and Earth Magic.
 R - the cursed +6 scale mail "Behold Eternity" (worn) {rPois rF+ rN+ Will+, Elem, Evo}
   (You found it on level 9 of the Dungeon)

   rF:        It protects you from fire.
   rPois:     It protects you from poison.
   rN:        It protects you from negative energy.
   Will:      It increases your willpower.
   It has a curse which improves the following skills: Elements: Fire Magic, Ice
   Magic, Air Magic and Earth Magic.
   Evocations: Evocations.
 Y - the cursed +2 pair of boots of Ashenzari's Augurer (worn) {Bglg, Cun}
   (You found it in an ice cave)

   It has a curse which improves the following skills: Beguiling: Conjurations,
   Hexes and Translocations.
   Cunning:   Dodging and Stealth.
Jewellery
 m - the cursed ring of Supernal Wisdom (right hand) {rF+ rN+, Elem, Range}
   (You found it in a Gauntlet)

   [ring of positive energy]

   rF:        It protects you from fire.
   rN:        It protects you from negative energy.
   It has a curse which improves the following skills: Elements: Fire Magic, Ice
   Magic, Air Magic and Earth Magic.
   Ranged Combat: Ranged Weapons and Throwing.
 n - the cursed amulet of the Fated Polytheism (around neck) {Reflect +Inv rElec Will+ Regen+ SH+5, Self, Evo}
   (You acquired it on level 3 of the Dungeon)

   [amulet of reflection]

   It reflects blocked missile attacks.
   rElec:     It insulates you from electricity.
   +Inv:      It lets you turn invisible.
   Regen:     It increases your rate of health regeneration.
   SH:        It affects your SH (+5).
   Will:      It increases your willpower.
   It has a curse which improves the following skills: Introspection: Fighting
   and Spellcasting.
   Evocations: Evocations.
 J - the cursed ring of Supernal Wisdom (left hand) {rElec rF- MP+9 Int+7 Dex+3, Cun, Self}
   (You took it off a deep elf death mage on level 3 of the Elven Halls)

   [ring of magical power]

   Int:       It affects your intelligence (+7).
   Dex:       It affects your dexterity (+3).
   rF:        It makes you vulnerable to fire.
   rElec:     It insulates you from electricity.
   MP:        It affects your magic capacity (+9).
   It has a curse which improves the following skills: Cunning: Dodging and
   Stealth.
   Introspection: Fighting and Spellcasting.
Wands
 a - a wand of digging (14)
 i - a wand of polymorph (25)
 t - a wand of mindburst (16)
 A - a wand of charming (38)
 D - a wand of flame (111)
 U - a wand of light (18)
 Z - a wand of roots (17)
Scrolls
 g - 23 scrolls of teleportation
 h - 7 scrolls of fear
 j - 14 scrolls of magic mapping
 k - 9 scrolls of vulnerability
 l - 3 scrolls of blinking
 o - 3 scrolls of brand weapon
 s - 6 scrolls of enchant weapon
 v - 8 scrolls of fog
 F - 3 scrolls of amnesia
 H - 6 scrolls of poison
 L - 2 scrolls of silence
 M - a scroll of summoning
 S - 2 scrolls of torment
 V - 4 scrolls of immolation
Potions
 b - 3 potions of magic
 c - 3 potions of haste
 f - 12 potions of curing
 q - 11 potions of degeneration
 u - 7 potions of attraction
 x - 4 potions of berserk rage
 z - 6 potions of might
 B - 9 potions of brilliance
 C - 6 potions of mutation
 E - 6 potions of flight
 G - 11 potions of heal wounds
 I - 2 potions of lignification
 P - 3 potions of invisibility
 Q - 3 potions of resistance
 T - 5 potions of ambrosia
Miscellaneous
 r - a box of beasts
 y - a tin of tremorstones (inert)
 K - a condenser vane
 O - a phial of floods


   Skills:
 + Level 12.5(15.9) Fighting
 - Level 8.0 Short Blades
 + Level 10.0(13.5) Armour
 * Level 15.9(20.3) Dodging
 - Level 13.8(18.2) Stealth
 * Level 19.4(22.6) Spellcasting
 - Level 13.4(16.8) Conjurations
 - Level 3.0(5.9) Translocations
 - Level 5.1(10.2) Ice Magic
 - Level 21.9(27) Air Magic
 * Level 14.2(17.6) Evocations


You had 16 spell levels left.
You knew the following spells:

 Your Spells              Type           Power      Damage    Failure   Level
a - Shock                 Conj/Air       100%       1d9       0%          1
b - Static Discharge      Conj/Air       100%       2-7/arc   0%          2
c - Swiftness             Air            100%       N/A       0%          3
d - Airstrike             Air            64%        2d(10-26) 0%          4
e - Freezing Cloud        Conj/Ice/Air   55%        6-21      1%          5
f - Lightning Bolt        Conj/Air       59%        1d81      0%          5
g - Summon Lightning Spi  Summ/Air       98%        N/A       1%          4
h - Kindle Blastsparks    Fire/Tloc/Air  100%       2d18      1%          3
i - Apportation           Tloc           100%       N/A       1%          1
j - Vhi's Electric Charg  Tloc/Air       100%       N/A       0%          3
k - Passage of Golubria   Tloc           73%        N/A       1%          4
l - Arcjolt               Conj/Air       59%        1d69      0%          5
m - Silence               Hex/Air        49%        N/A       1%          5
n - Maxwell's Capacitive  Air            64%        ∞         1%          8

Your spell library contained the following spells:

 Spells                   Type           Power      Damage    Failure   Level
 Magic Dart               Conj           100%       1d8       0%          1
 Poisonous Vapours        Pois/Air       100%       N/A       0%          2
 Mephitic Cloud           Conj/Pois/Air  100%       N/A       0%          3
 Beastly Appendage        Tmut           84%        N/A       1%          1
 Freeze                   Ice            100%       1d10      1%          1
 Kiss of Death            Conj/Necr      100%       2d13      1%          1
 Sandblast                Erth           98%        2d20      1%          1
 Slow                     Hex            100%       N/A       1%          1
 Summon Small Mammal      Summ           100%       N/A       1%          1
 Blink                    Tloc           100%       N/A       1%          2
 Cigotuvi's Dreadful Rot  Necr/Pois/Air  100%       N/A       1%          2
 Scorch                   Fire           98%        2d10      1%          2
 Frozen Ramparts          Ice            100%       1d16      1%          3
 Gell's Gravitas          Tloc           73%        N/A       1%          3
 Hailstorm                Conj/Ice       98%        3d19      1%          3
 Ozocubu's Armour         Ice            88%        N/A       1%          3
 Portal Projectile        Hex/Tloc       100%       N/A       1%          3
 Stone Arrow              Conj/Erth      100%       3d13      1%          3
 Teleport Other           Tloc           73%        N/A       1%          3
 Flame Wave               Conj/Fire      83%        2d18      1%          4
 Fulminant Prism          Conj/Hex       41%        3d19      1%          4
 Ice Form                 Ice/Tmut       69%        N/A       1%          4
 Iskenderun's Mystic Bla  Conj/Tloc      92%        2d18      1%          4
 Iskenderun's Battlesphe  Conj           100%       2d15      1%          5
 Conjure Ball Lightning   Conj/Air       59%        3x3d21    1%          6
 Call Imp                 Summ           45%        N/A       2%          2
 Passwall                 Tmut/Erth      38%        N/A       2%          2
 Sublimation of Blood     Necr           45%        N/A       2%          2
 Wereblood                Tmut           42%        N/A       2%          2
 Call Canine Familiar     Summ           45%        N/A       4%          3
 Confusing Touch          Hex            46%        N/A       4%          3
 Ignite Poison            Fire/Tmut/Pois 45%        N/A       4%          3
 Summon Guardian Golem    Hex/Summ       45%        N/A       4%          3
 Tukima's Dance           Hex            46%        N/A       4%          3
 Vampiric Draining        Necr           45%        2d9       4%          3
 Spider Form              Tmut/Pois      42%        N/A       5%          3
 Metabolic Englaciation   Hex/Ice        35%        N/A       5%          5
 Iron Shot                Conj/Erth      41%        9d8       7%          6
 Animate Armour           Summ/Erth      94%        N/A       14%         4
 Animate Dead             Necr           45%        N/A       16%         4
 Dispel Undead            Necr           45%        3d17      16%         4
 Dispersal                Tloc           36%        N/A       24%         6
 Simulacrum               Ice/Necr       35%        N/A       30%         6
 Lee's Rapid Deconstruct  Erth           24%        3d13*     34%         5
 Spellforged Servitor     Conj/Summ      41%        N/A       41%         7
 Alistair's Intoxication  Tmut/Pois      28%        N/A       43%         5
 Blade Hands              Tmut           21%        N/A       43%         5
 Summon Cactus Giant      Summ           22%        N/A       93%         6
 Lehudib's Crystal Spear  Conj/Erth      41%        10d10     97%         8
 Haunt                    Necr/Summ      22%        N/A       100%        7
 Summon Hydra             Summ           22%        N/A       100%        7
 Borgnjor's Revivificati  Necr           22%        N/A       100%        8
 Discord                  Hex            23%        N/A       100%        8
 Disjunction              Tloc           36%        N/A       100%        8
 Infestation              Necr           22%        N/A       100%        8
 Necromutation            Tmut/Necr      22%        N/A       100%        8
 Death's Door             Necr           22%        N/A       100%        9


Dungeon Overview and Level Annotations

Branches:
Dungeon (15/15)            Temple (1/1) D:7            Lair (5/5) D:9
  Swamp (4/4) Lair:3        Snake (4/4) Lair:2        Slime (0/5) Lair:5
    Orc (2/2) D:10            Elf (3/3) Orc:2        Vaults (0/5) D:14
 Depths (4/4) D:15            Zot (5/5) Depths:4      Sewer (visited)
 Bailey (visited)           IceCv (visited)         Gauntlet (visited)

Altars:
Ashenzari
Cheibriados
Dithmenos
Elyvilon
Fedhas
Gozag
Hepliaklqana
Kikubaaqudgha
Makhleb
Nemelex Xobeh
Okawaru
Qazlal
Ru
Sif Muna
Uskayaw
Wu Jian
Xom
Yredelemnul
Zin
The Shining One
Jiyva

Shops:
D:6 *   Orc:2 ([=[   Elf:1 ::=   Elf:2 [   Snake:1 !!   Snake:2 *
Snake:4 !(?=*

Portals:
Hell: Depths:1 Depths:2 Depths:3 Depths:4
Abyss: Depths:3 Depths:4
Pandemonium: Depths:2
Ziggurat: Depths:4

Annotations:
D:8 4 transporters, exclusions: catoblepas and cyclops
D:9 1 runed translucent door, exclusion: door, luigi's ghost, novice DsEE
Temple 2 transporters
Depths:1 1 runed translucent door
Zot:2 2 transporters, asti's ghost, veteran MiFi


Innate Abilities, Weirdness & Mutations

You have razor-sharp teeth.
Your natural rate of healing is unusually fast.
When hurt, damage is shared between your health and your magic reserves.
Your bite disrupts and absorbs the magic of your enemies.
Potions cannot restore your health.
Armour fits poorly on your strangely shaped body.
Your body sometimes deteriorates upon taking damage.
You are robust. (+10% HP)
You occasionally lose the ability to read scrolls when taking damage.
You have hidden genetic defects.


Message History

A sixfirhy comes into view.
The sixfirhy completely misses you. The sixfirhy attacks as you move away!
The sixfirhy hits you but does no damage.
The sixfirhy completely misses you. x2
You puncture the sixfirhy! Your bite misses the sixfirhy.
The sixfirhy is lightly wounded.
The sixfirhy barely misses you. The sixfirhy hits you. The sixfirhy shocks you.
You resist.
You hit the sixfirhy. You bite the sixfirhy! You drain its power.
You feel invigorated.
The sixfirhy is severely wounded.
The sixfirhy hits you but does no damage.
You block the sixfirhy's attack.
You puncture the sixfirhy! You bite the sixfirhy.
You kill the sixfirhy!
No reachable target in view!
No reachable target in view!
(D) Dungeon (T) Temple (L) Lair (S) Swamp (P) Snake Pit (M) Slime Pits (O) Orcish Mines (E) Elven Halls (V) Vaults (U) Depths (H) Hell (Z) Zot
Where to? (Enter - D:1 @ (x,y), ? - help) HP restored.
There is an open door here. 2 hell hogs come into view.
The hell hog squeals angrily.
A sixfirhy comes into view.
There is a stone staircase leading up here.
You climb upwards.
There is a stone staircase leading down here.
(D) Dungeon (T) Temple (L) Lair (S) Swamp (P) Snake Pit (M) Slime Pits (O) Orcish Mines (E) Elven Halls (V) Vaults (U) Depths (H) Hell (Z) Zot
Where to? (Enter - D:1 @ (x,y), ? - help)
There is a stone staircase leading up here.
You climb upwards.
There is a stone staircase leading down here.
There is a stone staircase leading up here.
You climb upwards.
There is a stone staircase leading down here.
There is an empty arch of ancient stone here.
You see here 7 stones.
There is a staircase leading out of the dungeon here.
You have escaped!

#.#....####............#.##.#
#.###### #.............#.##.# #.#
#.....^.......#.##.# ##
##.########.#######.#...#....###.
#.........>......................
###########.#######.....########.
#.# ###.#.##### #. #.# ###
#.#.....# #. #.# ##@## #.#####)#
#. #.###...###.# #.####.
#.#...≈...#.#####.#....
#.#.⌠.≈.⌠.#............
#.#...≈...#######.#####
#.#.♣.≈(♣.#............
#.#...≈...#.#####.#####
#.#.⌠.≈.⌠.#............
#.#...≈...#.......#####


There were no monsters in sight!

Vanquished Creatures
  2 orbs of fire (Zot:5)
  5 dread liches
  A juggernaut (Depths:2)
  A Killer Klown (Zot:5)
  Bai Suzhen (Snake:4)
  2 curse toes
  2 profane servitors
  9 golden dragons
  A bone dragon (Abyss:3)
  2 electric golems
  A walking crystal tome (Depths:2)
  18 Orb Guardians
  12 tentacled monstrosities
  Mlioglotl (Snake:2)
  Asterion (Depths:1)
  A lich (Depths:2)
  6 quicksilver dragons
  2 deep elf blademasters
  A deep elf master archer (Elf:3)
  Frances (Swamp:1)
  9 death cobs
  3 thorn hunters
  Kirke (Lair:5)
  A tengu reaver (Depths:1)
  5 tentacled starspawn
  5 shadow dragons
  10 storm dragons
  2 draconian monks
  An azure jelly (IceCv)
  2 fenstrider witches
  5 draconian knights
  5 nagarajas
  A revenant (Abyss:2)
  A daeva (Abyss:2)
  A balrug (Abyss:3)
  3 fire giants
  2 frost giants
  6 draconian scorchers
  6 deep elf sorcerers (Elf:3)
  Louise (Snake:4)
  5 draconian stormcallers
  Aizul (Snake:2)
  4 draconian shifters
  2 deep elf elementalists (Elf:3)
  An angel (D:4)
  2 quicksilver oozes (IceCv)
  2 cacodemons
  17 very ugly things
  4 draconian annihilators
  A reaper (Depths:3)
  13 stone giants
  4 eleionomae
  2 vampire knights (Depths:3)
  6 green draconians
  5 deep elf demonologists (Elf:3)
  6 deep elf annihilators (Elf:3)
  A minotaur (Gauntlet)
  2 lorocyprocas
  13 spark wasps
  11 red draconians
  2 dire elephants (Snake:1)
  3 black draconians
  10 purple draconians
  3 bunyips
  10 white draconians
  10 yellow draconians
  3 jiangshi (Depths:2)
  5 deep elf death magi (Elf:3)
  18 ettins
  7 fire dragons
  5 deep elf high priests (Elf:3)
  3 great orbs of eyes
  Josephine (D:13)
  3 ghost crabs
  3 hell beasts
  3 spriggan air magi
  4 salamander tyrants
  7 anacondas
  3 vault guards (D:14)
  3 rakshasas
  9 ice dragons
  17 hydras
  3 catoblepae
  A death knight (D:15)
  Erica (Orc:1)
  23 dancing weapons
  The ghost of Soil the Covert, a novice NaFi of Hepliaklqana (Lair:1)
  5 boulder beetles
  13 death yaks
  6 centaur warriors
  8 tengu warriors
  6 alligators
  4 orc high priests
  5 two-headed ogres
  10 naga warriors
  6 deep troll shamans
  4 deep troll earth magi
  A skyshark (Lair:5)
  A vampire mage (Depths:2)
  17 naga sharpshooters
  7 thrashing horrors
  Nergalle (Lair:1)
  A soul eater (Depths:2)
  15 deep elf knights
  10 spriggan berserkers
  8 shock serpents
  A wretched star (Abyss:2)
  4 hell knights (Depths:4)
  4 sun demons
  Sonja (Lair:5)
  A titan skeleton (Abyss:3)
  7 iron trolls
  2 salamander mystics
  4 skeletal warriors (D:12)
  2 glowing orange brains
  5 sixfirhies
  A spatial maelstrom (Abyss:3)
  2 spriggan druids
  4 goliath frogs
  14 deep trolls
  3 flayed ghosts
  8 naga ritualists
  A swamp dragon (Swamp:3)
  2 orange crystal statues
  A swamp dragon (shapeshifter) (Depths:4)
  A necromancer (Depths:4)
  A steelbarb worm (shapeshifter) (D:15)
  11 bog bodies
  Pikel (D:8)
  2 lindwurms (Lair:5)
  A wizard (Depths:2)
  20 starcursed masses
  23 deep elf zephyrmancers
  10 deep elf archers
  6 orc knights
  An anaconda skeleton (Abyss:2)
  26 deep elf pyromancers
  10 salamanders
  11 manticores
  6 orc sorcerers
  34 ugly things
  9 mana vipers
  5 will-o-the-wisps
  3 worldbinders (Abyss:3)
  5 cyclopes
  24 moths of wrath
  14 naga magi
  A rust devil (D:4)
  45 black mambas
  4 guardian serpents
  An ice statue (IceCv)
  16 elephants
  An eye of devastation (shapeshifter) (Depths:1)
  Maurice (Orc:2)
  Joseph (D:8)
  A gargoyle (D:12)
  A torpor snail (Lair:5)
  A demonic crawler (Zot:5)
  3 orange demons
  13 cane toads
  4 unseen horrors
  A hellion (Abyss:3)
  A kobold demonologist (D:11)
  9 rime drakes
  10 komodo dragons
  3 ancient zymes
  An efreet (D:14)
  5 freezing wraiths
  A catoblepas zombie (Abyss:2)
  6 tengu conjurers
  A silent spectre (Abyss:3)
  2 red devils
  A meliai (shapeshifter) (Elf:1)
  9 tyrant leeches
  4 trolls
  9 hornets
  2 polar bears
  A blink frog (shapeshifter) (Elf:1)
  24 blink frogs
  A dream sheep (Lair:2)
  36 slime creatures
  19 raiju
  A centaur simulacrum (D:14)
  6 flying skulls
  2 shadows (D:10)
  13 spriggans
  3 air elementals
  An ettin skeleton (Abyss:3)
  3 fire elementals
  A ynoxinul (Abyss:2)
  Sigmund (D:5)
  A black mamba zombie (Abyss:2)
  5 wyverns
  45 yaks
  5 vampires
  3 chaos spawn
  A steam dragon (Lair:2)
  7 wraiths
  9 large abominations
  7 water elementals
  3 hogs (Lair:5)
  2 vampire mosquitoes (D:14)
  3 basilisks
  3 neqoxecs
  Menkaure (D:5)
  14 swamp worms
  5 swamp worm simulacra (Swamp:4)
  45 nagas
  A spatial vortex (Abyss:3)
  5 wargs
  11 small abominations
  Edmund (D:4)
  16 hydra simulacra (Swamp:4)
  3 acid dragons
  A floating eye (shapeshifter) (Depths:4)
  7 hell hounds
  16 water moccasins
  4 floating eyes
  2 swamp drakes
  4 ice beasts
  4 black bears
  33 orc warriors
  A sky beast (D:7)
  An ogre (shapeshifter) (D:13)
  2 ogres (Orc:2)
  10 boggarts
  A great orb of eyes simulacrum (IceCv)
  10 wolves
  18 centaurs
  2 phantoms (D:15)
  5 kobold brigands
  11 bullfrogs
  A gnoll sergeant (Orc:2)
  4 earth elementals
  9 scorpions
  5 glowing shapeshifter simulacra (IceCv)
  3 cane toad simulacra (Lair:1)
  14 wights
  2 blink frog simulacra (Lair:1)
  A troll zombie (Swamp:1)
  19 killer bees
  2 troll skeletons (Swamp:1)
  3 howler monkeys
  A wyvern simulacrum (Lair:1)
  2 quasits (Abyss:3)
  2 iron imps
  16 orc priests
  2 hounds (D:5)
  4 jellies
  Jessica (D:2)
  4 iguanas
  21 orc wizards
  7 hell rats (Lair:2)
  4 shapeshifter simulacra (IceCv)
  A basilisk simulacrum (Lair:1)
  Robin (D:1)
  9 gnolls
  16 adders
  A shadow imp (Abyss:2)
  4 white imps
  3 swamp drake simulacra (Swamp:4)
  An ufetubus (Abyss:3)
  2 worms
  75 orcs
  10 ball pythons
  3 endoplasms
  11 giant cockroaches
  23 goblins
  10 hobgoblins
  3 jackals (D:1)
  44 kobolds
  2 quokkas
  9 bats
  10 frilled lizards
  12 rats
  A spectral kobold (D:7)
  6 briar patches (Swamp:4)
  2 bushes (Lair:5)
  4 butterflies (D:7)
  6 starspawn tentacles
1816 creatures vanquished.

Vanquished Creatures (collateral kills)
  An orb of fire (Zot:5)
  Saint Roka (Snake:2)
  A tentacled monstrosity (Zot:2)
  3 Orb Guardians (Zot:5)
  A draconian monk (Zot:1)
  A fire giant (Depths:2)
  A draconian knight (Zot:2)
  A ghost moth (Zot:2)
  3 draconian annihilators
  2 green draconians
  A very ugly thing (Abyss:3)
  A black draconian (Zot:5)
  A vault guard (D:14)
  An anaconda (Snake:4)
  3 dancing weapons (Elf:2)
  A naga warrior (Snake:2)
  A naga sharpshooter (Snake:4)
  A deep elf knight (Elf:2)
  A deep elf pyromancer (Elf:1)
  An ugly thing (D:14)
  4 nagas (Snake:4)
  An orc warrior (Snake:2)
  A killer bee (D:7)
33 creatures vanquished.

Vanquished Creatures (others)
  A draconian stormcaller (Zot:5)
  A green draconian (Zot:5)
  A bunyip (Swamp:2)
  A red draconian (Zot:3)
  A white draconian (Zot:2)
  A spriggan air mage (Swamp:4)
  A deep elf pyromancer (Elf:1)
  3 water elementals (Depths:3)
  A human (Lair:5)
  2 swamp worms (Swamp:4)
  2 killer bees (D:7)
  A briar patch (Swamp:4)
  A bush (Lair:5)
  2 demonic plants (Abyss:3)
  28 fungi
  A lurking horror (Abyss:3)
  51 plants
  5 starspawn tentacles
  2 toadstools (Depths:1)
  2 withered plants (D:9)
108 creatures vanquished.

Grand Total: 1957 creatures vanquished

Notes
Turn   | Place    | Note
-------+----------+-------------------------------------------
     0 | D:1      | browni3141 the Vine Stalker Air Elementalist began the
                  | quest for the Orb.
     0 | D:1      | Reached XP level 1. HP: 9/9 MP: 4/4
   173 | D:1      | Reached skill level 1 in Fighting
   255 | D:1      | Reached XP level 2. HP: 9/14 MP: 0/6
   833 | D:1      | Reached XP level 3. HP: 18/18 MP: 3/7
  1465 | D:1      | Learned a level 2 spell: Static Discharge
  1469 | D:1      | Learned a level 3 spell: Swiftness
  1470 | D:2      | Noticed Jessica
  1476 | D:2      | Killed Jessica
  1477 | D:2      | Gained mutation: Your natural rate of healing is unusually
                  | fast. [Vine Stalker growth]
  1477 | D:2      | Reached XP level 4. HP: 2/22 MP: 1/9
  1639 | D:2      | Noticed Robin
  1754 | D:1      | Killed Robin
  2357 | D:2      | Reached XP level 5. HP: 25/25 MP: 6/10
  2429 | D:2      | Found a faded altar of an unknown god.
  2434 | D:2      | Got Plato's Parchment of Transformation
  3403 | D:3      | Reached skill level 4 in Air Magic
  3454 | D:3      | Found a snail-covered altar of Cheibriados.
  3981 | D:3      | Reached XP level 6. HP: 30/30 MP: 5/11
  4027 | D:4      | Noticed Edmund
  4040 | D:4      | Killed Edmund
  4041 | D:4      | Reached skill level 5 in Air Magic
  4041 | D:4      | Reached skill level 1 in Evocations
  4059 | D:4      | Learned a level 4 spell: Airstrike
  4307 | D:4      | Found a glowing drain.
  4311 | Sewer    | Entered a sewer
  4484 | Sewer    | Reached XP level 7. HP: 33/33 MP: 8/12
  5017 | D:4      | Noticed a +0 spear
  5018 | D:4      | Noticed a +0 falchion
  5018 | D:4      | Noticed a +0 dagger
  5019 | D:4      | Noticed a +0 short sword
  5020 | D:4      | Noticed a +0 spear
  5020 | D:4      | Noticed a +0 dagger
  5020 | D:4      | Noticed a +0 short sword
  5020 | D:4      | Noticed a +0 falchion
  5442 | D:4      | Found a hide-covered altar of Uskayaw.
  5656 | D:5      | Entered Level 5 of the Dungeon
  5665 | D:5      | Found Xuhix's Magic Scroll Boutique.
  5673 | D:5      | Bought a scroll of identify for 20 gold pieces
  5673 | D:5      | Bought a scroll of teleportation for 30 gold pieces
  5673 | D:5      | Bought a scroll of identify for 20 gold pieces
  5673 | D:5      | Bought a scroll of identify for 20 gold pieces
  5677 | D:5      | Identified a scroll of acquirement
  5941 | D:5      | Noticed Sigmund
  5946 | D:5      | Noticed Menkaure
  5948 | D:5      | Killed Sigmund
  5949 | D:5      | Reached skill level 6 in Air Magic
  5950 | D:5      | Killed Menkaure
  5951 | D:5      | Reached skill level 7 in Air Magic
  6047 | D:5      | Identified the +10 dagger of Foolhardiness {protect, rF+
                  | Str+2 Dex+4}
  6148 | D:5      | Gained mutation: You have razor-sharp teeth. [Vine Stalker
                  | growth]
  6148 | D:5      | Reached XP level 8. HP: 31/37 MP: 9/13
  6522 | D:5      | Reached skill level 8 in Air Magic
  7313 | D:6      | Found Gozag's Platinum Reserve.
  7489 | D:6      | Reached skill level 5 in Short Blades
  7619 | D:6      | Reached XP level 9. HP: 41/41 MP: 0/14
  7776 | D:6      | Found a shimmering blue altar of Sif Muna.
  7900 | D:6      | Found an opulent altar of Gozag.
  7929 | D:6      | Reached skill level 5 in Stealth
  8189 | D:7      | Found a staircase to the Ecumenical Temple.
  8200 | Temple   | Entered the Ecumenical Temple
  8200 | Temple   | Found a transporter.
  8200 | Temple   | Found a transporter.
  8202 | Temple   | Found a transporter.
  8202 | Temple   | Found a transporter.
  8216 | Temple   | Became a worshipper of Ashenzari the Shackled
  8279 | D:7      | Found a runed translucent door.
  8377 | D:7      | Found a flagged portal.
  8402 | Bailey   | Entered a bailey
  8701 | Bailey   | Got Kikubaaqudgha's Annotations on the Dead
  9286 | D:7      | Found a runed translucent door.
  9292 | D:7      | Reached XP level 10. HP: 46/49 MP: 18/18
  9300 | D:7      | Reached skill level 9 in Air Magic
  9580 | D:7      | Found a hazy altar of Hepliaklqana.
  9900 | D:8      | Noticed Pikel
  9921 | D:8      | Killed Pikel
  9922 | D:8      | Reached skill level 5 in Evocations
 10014 | D:8      | Reached * piety under Ashenzari
 10015 | D:8      | Found a transporter.
 10025 | D:8      | Found a transporter.
 10028 | D:8      | Found a transporter.
 10046 | D:8      | Found a transporter.
 10236 | D:8      | Found a stormy altar of Qazlal.
 10549 | D:8      | Reached skill level 10 in Air Magic
 10825 | D:8      | Noticed a catoblepas
 10825 | D:8      | Noticed a white ugly thing
 10825 | D:8      | Noticed a manticore
 10825 | D:8      | Noticed a manticore
 10825 | D:8      | Noticed a cyclops
 10881 | D:8      | Noticed Joseph
 10884 | D:8      | Killed Joseph
 11218 | D:9      | Reached ** piety under Ashenzari
 11224 | D:9      | Found a white marble altar of Elyvilon.
 11236 | D:9      | Identified the +6 scale mail of Hiumaha {rPois rF+ rN+
                  | Will+}
 11356 | D:9      | Found a staircase to the Lair.
 11371 | D:9      | Reached skill level 1 in Armour
 11829 | D:9      | Reached XP level 11. HP: 53/53 MP: 20/20
 11877 | D:9      | Found a runed translucent door.
 11879 | D:9      | Noticed luigi's ghost (novice DsEE)
 12010 | D:10     | Entered Level 10 of the Dungeon
 12066 | D:10     | Found a staircase to the Orcish Mines.
 13128 | D:11     | Reached *** piety under Ashenzari
 13280 | D:11     | Noticed a cyclops
 13283 | D:11     | Killed a cyclops
 13286 | D:11     | Noticed a two-headed ogre
 13504 | D:11     | Killed a two-headed ogre
 13505 | D:11     | Reached skill level 5 in Spellcasting
 13505 | D:11     | Reached skill level 11 in Air Magic
 14070 | D:11     | Reached **** piety under Ashenzari
 14087 | D:11     | Noticed a two-headed ogre
 14093 | D:11     | Killed a two-headed ogre
 14513 | Lair:1   | Entered Level 1 of the Lair of Beasts
 14642 | Lair:1   | Reached skill level 5 in Dodging
 14642 | Lair:1   | Reached XP level 12. HP: 40/61 MP: 9/24
 14937 | Lair:1   | Noticed Soil's ghost (novice NaFi)
 15113 | Lair:1   | Found a runed translucent gate.
 15113 | Lair:1   | Found a runed translucent gate.
 15113 | Lair:1   | Found a runed translucent gate.
 15262 | Lair:1   | Noticed Nergalle
 15265 | Lair:1   | Killed Nergalle
 15266 | Lair:1   | Reached skill level 5 in Fighting
 16221 | Lair:1   | Killed Soil's ghost
 16483 | Lair:2   | Noticed a four-headed hydra
 16510 | Lair:1   | Killed a four-headed hydra
 17126 | Lair:2   | Noticed an eight-headed hydra
 17136 | Lair:2   | Killed an eight-headed hydra
 17148 | Lair:2   | Reached skill level 10 in Stealth
 17419 | D:3      | Acquired the amulet of Plog {Reflect +Inv rElec Will+
                  | Regen+ SH+5}
 17423 | D:3      | Reached ***** piety under Ashenzari
 17872 | Lair:2   | Reached XP level 13. HP: 55/65 MP: 12/23
 17998 | Lair:2   | Found a staircase to the Snake Pit.
 18203 | Lair:2   | Found the +9 sword of Zonguldrok {reap}
 19270 | D:5      | Bought a scroll of enchant armour for 75 gold pieces
 19270 | D:5      | Bought a scroll of fear for 40 gold pieces
 19270 | D:5      | Bought a scroll of enchant weapon for 75 gold pieces
 19270 | D:5      | Bought a scroll of acquirement for 520 gold pieces
 19270 | D:5      | Bought a scroll of teleportation for 30 gold pieces
 19270 | D:5      | Bought 3 scrolls of fog for 120 gold pieces
 19270 | D:5      | Acquired the +7 quick blade "Xiefirghe" {elec, Stlth+}
 19429 | Lair:3   | Reached skill level 12 in Air Magic
 19779 | Lair:3   | Reached skill level 13 in Air Magic
 20009 | Lair:3   | Found a staircase to the Swamp.
 20019 | Lair:3   | Reached skill level 14 in Air Magic
 20503 | Lair:3   | Reached skill level 15 in Air Magic
 21843 | Lair:4   | Reached skill level 16 in Air Magic
 21895 | Lair:4   | Reached skill level 5 in Armour
 22748 | Lair:4   | Reached XP level 14. HP: 56/70 MP: 12/24
 22880 | Lair:5   | Entered Level 5 of the Lair of Beasts
 22887 | Lair:5   | Noticed Kirke
 22899 | Lair:5   | Killed Kirke
 23558 | Lair:5   | Identified the +9 sling "Jaynez" {freeze, rElec rCorr MP+9}
 23799 | Lair:5   | Learned a level 5 spell: Freezing Cloud
 24021 | Lair:5   | Identified the +1 whip "Anosuq" {heavy, *Rage Fly rPois
                  | MP+9}
 24352 | Lair:5   | Noticed Sonja
 24357 | Lair:5   | Killed Sonja
 24485 | Lair:5   | Found a viscous altar of Jiyva.
 24628 | Lair:5   | Found a staircase to the Slime Pits.
 25127 | Orc:1    | Entered Level 1 of the Orcish Mines
 25467 | Orc:1    | Reached XP level 15. HP: 63/79 MP: 1/32
 25503 | Orc:1    | Noticed Erica
 25518 | Orc:1    | Killed Erica
 25704 | Orc:2    | Entered Level 2 of the Orcish Mines
 25799 | Orc:2    | Noticed Maurice
 25806 | Orc:2    | Killed Maurice
 25975 | Orc:2    | Found a frozen archway.
 26106 | IceCv    | Entered an ice cave
 27696 | IceCv    | Found a viscous altar of Jiyva.
 27696 | IceCv    | Noticed an azure jelly
 27703 | IceCv    | Killed an azure jelly
 27808 | IceCv    | Identified the Codex of the Wendigo
 28254 | Orc:2    | Found Geybexiu's Antique Weapon Shop.
 28320 | Orc:2    | Reached skill level 1 in Ice Magic
 28520 | Orc:2    | Found Iwow's Antique Armour Shop.
 28521 | Orc:2    | Found Xusaafruih's Armour Emporium.
 28547 | Orc:2    | Found Tair's Jewellery Emporium.
 28565 | Orc:2    | Bought a glowing cloak for 232 gold pieces
 28770 | Orc:2    | Found a staircase to the Elven Halls.
 29794 | D:12     | Reached skill level 5 in Conjurations
 30384 | D:13     | Reached skill level 5 in Ice Magic
 30756 | D:13     | Noticed Josephine
 30761 | D:13     | Killed Josephine
 30962 | D:13     | Reached skill level 10 in Spellcasting
 30962 | D:13     | Reached XP level 16. HP: 85/85 MP: 20/33
 31239 | D:13     | Found a large runed translucent door.
 31239 | D:13     | Found a large runed translucent door.
 31329 | D:13     | Paralysed by an air elemental for 1 turns
 31472 | D:13     | Learned a level 5 spell: Lightning Bolt
 31477 | D:13     | Learned a level 4 spell: Summon Lightning Spire
 31481 | D:13     | Learned a level 3 spell: Kindle Blastsparks
 31666 | D:14     | Found a gate to the Vaults.
 32980 | D:15     | Entered Level 15 of the Dungeon
 33212 | D:15     | Found a gate leading to a gauntlet.
 33218 | Gauntlet | Entered a Gauntlet
 33218 | Gauntlet | Found a transporter.
 33218 | Gauntlet | Found a transporter.
 33234 | Gauntlet | Found a transporter.
 33238 | Gauntlet | Found a transporter.
 33250 | Gauntlet | Found a transporter.
 33250 | Gauntlet | Identified the +0 hat of Qazlal's Esteem {rElec}
 33252 | Gauntlet | Found a transporter.
 33262 | Gauntlet | Found a transporter.
 33283 | Gauntlet | Found a transporter.
 33284 | Gauntlet | Identified the ring of Rationality {rF+ rN+}
 33302 | Gauntlet | Found a transporter.
 33304 | Gauntlet | Found a transporter.
 33304 | Gauntlet | Identified the +1 helmet of Qylesmudgh {+Blink Int+8
                  | Stlth+}
 33314 | Gauntlet | Found a transporter.
 33318 | Gauntlet | Found a transporter.
 33370 | Gauntlet | Identified the ring of Vuky {rF+ Dex+4}
 33774 | Gauntlet | Identified the +1 long sword of Sumag {flame, *Rage Will++
                  | Dex+5}
 33774 | Gauntlet | Identified the +8 plate armour of Defiance {rC+}
 33774 | Gauntlet | Identified the +4 plate armour "Hutir" {Rampage Int+2 SInv}
 35304 | D:15     | Found a staircase to the Depths.
 35490 | Elf:1    | Entered Level 1 of the Elven Halls
 35993 | Elf:1    | Reached XP level 17. HP: 93/93 MP: 26/36
 36776 | Elf:1    | Found Onlil's Jewellery Shop.
 36776 | Elf:1    | Found Kyirghy's Book Shoppe.
 36777 | Elf:1    | Found Besy's Book Shoppe.
 36783 | Elf:1    | Bought a book of Party Tricks for 224 gold pieces
 36785 | Elf:1    | Learned a level 1 spell: Apportation
 36789 | Elf:1    | Bought Maxwell's Memoranda for 532 gold pieces
 36789 | Elf:1    | Bought a book of the Moon for 560 gold pieces
 36793 | Elf:1    | Learned a level 3 spell: Vhi's Electric Charge
 36798 | Elf:1    | Learned a level 4 spell: Passage of Golubria
 36804 | Elf:1    | Learned a level 5 spell: Arcjolt
 36810 | Elf:1    | Learned a level 5 spell: Silence
 37114 | Elf:2    | Reached skill level 1 in Translocations
 37229 | Elf:2    | Found Mifruffe's Antique Armour Emporium.
 37237 | Elf:2    | Bought a pair of glowing boots for 337 gold pieces
 37943 | Elf:2    | Found a huge runed translucent gate.
 37943 | Elf:2    | Found a huge runed translucent gate.
 37943 | Elf:2    | Found a huge runed translucent gate.
 37943 | Elf:2    | Found a huge runed translucent gate.
 37943 | Elf:2    | Found a huge runed translucent gate.
 39074 | Elf:2    | Noticed a deep elf blademaster
 39083 | Elf:2    | Killed a deep elf blademaster
 39084 | Elf:2    | Reached skill level 10 in Conjurations
 39159 | Elf:2    | Reached skill level 17 in Air Magic
 39525 | Elf:3    | Entered Level 3 of the Elven Halls
 39779 | Elf:3    | Noticed a deep elf blademaster
 39787 | Elf:3    | Killed a deep elf blademaster
 39788 | Elf:3    | Reached XP level 18. HP: 62/98 MP: 4/39
 40243 | Elf:3    | Identified the ring "Igeduot" {Ice Str+5 Dex+2}
 40243 | Elf:3    | Noticed a deep elf master archer
 40246 | Elf:3    | Killed a deep elf master archer
 40250 | Elf:3    | Identified the +10 scimitar "Voiss" {flame, Will+ Str+2
                  | Dex+3 SInv}
 40250 | Elf:3    | Identified the +2 plate armour of the Untouchables {*Slow
                  | rElec rF++ Slay-3}
 40251 | Elf:3    | Identified the +7 glaive "Suwoiwy" {venom, rCorr Str+3}
 40450 | Elf:3    | Identified the ring of Buhim {rElec rF- MP+9 Int+7 Dex+3}
 40460 | Elf:3    | Identified the +9 morningstar "Bulig" {pain, Str+2}
 40540 | Elf:3    | Identified the +3 dagger of Inflation {drain, rElec}
 40727 | Elf:3    | Found the +6 Majin-Bo {spellvamp, MP+6 Int+6}
 41487 | Elf:3    | Noticed an Ice Fiend
 42332 | Snake:1  | Entered Level 1 of the Snake Pit
 42763 | Snake:1  | Reached skill level 10 in Dodging
 43100 | Snake:1  | Found Xutej's Distillery.
 43115 | Snake:1  | Bought a potion of cancellation for 128 gold pieces
 43115 | Snake:1  | Bought a potion of haste for 160 gold pieces
 43115 | Snake:1  | Found Mipooli's Distillery.
 43119 | Snake:1  | Bought a potion of lignification for 42 gold pieces
 43206 | Snake:1  | Identified the +0 trident of the Hills {elec, Will- Dex+2
                  | SInv}
 43358 | Snake:1  | Reached skill level 15 in Spellcasting
 43617 | Snake:2  | Noticed Mlioglotl
 43631 | Snake:2  | Killed Mlioglotl
 43716 | Snake:2  | Found Mocwuits's CLEARANCE SALE!.
 43780 | Snake:2  | Noticed Saint Roka
 43808 | Snake:2  | Killed Saint Roka
 44612 | Snake:2  | Reached XP level 19. HP: 100/100 MP: 41/41
 44839 | Snake:2  | Noticed Aizul
 44860 | Snake:2  | Killed Aizul
 46213 | Snake:4  | Entered Level 4 of the Snake Pit
 46424 | Snake:4  | Noticed Louise
 46436 | Snake:4  | Killed Louise
 47233 | Snake:4  | Noticed Bai Suzhen
 47722 | Snake:4  | Reached skill level 10 in Fighting
 47768 | Snake:4  | Got a serpentine rune of Zot
 48182 | Snake:4  | Found Juqaffi's General Store.
 48182 | Snake:4  | Found Methamud's Magic Scroll Boutique.
 48189 | Snake:4  | Bought a scroll of enchant armour for 127 gold pieces
 48189 | Snake:4  | Bought a scroll of poison for 68 gold pieces
 48189 | Snake:4  | Bought a scroll of teleportation for 51 gold pieces
 48189 | Snake:4  | Bought a scroll of magic mapping for 127 gold pieces
 48189 | Snake:4  | Bought a scroll of blinking for 127 gold pieces
 48189 | Snake:4  | Bought a scroll of enchant armour for 127 gold pieces
 48196 | Snake:4  | Found Ycrejy's Weapon Boutique.
 48199 | Snake:4  | Found Derakk's Jewellery Boutique.
 48199 | Snake:4  | Found Fen Zoeg's Distillery.
 48208 | Snake:4  | Bought a potion of lignification for 48 gold pieces
 48208 | Snake:4  | Bought a potion of attraction for 48 gold pieces
 48208 | Snake:4  | Bought a potion of cancellation for 128 gold pieces
 48583 | Snake:4  | Killed Bai Suzhen
 48753 | Snake:4  | Found Ycrejy's Weapon Boutique.
 48753 | Snake:4  | Found Derakk's Jewellery Boutique.
 48753 | Snake:4  | Found Fen Zoeg's Distillery.
 48757 | Snake:4  | Found Methamud's Magic Scroll Boutique.
 48759 | Snake:4  | Found Juqaffi's General Store.
 49366 | Swamp:1  | Entered Level 1 of the Swamp
 49708 | Swamp:1  | Identified the +1 robe "Mipeanah" {Archmagi}
 49762 | Swamp:1  | Noticed Frances
 49771 | Swamp:1  | Killed Frances
 50165 | Swamp:1  | Identified the ring of Wiasuv {Str+5 Int+6 Dex-3}
 50168 | Swamp:1  | Reached XP level 20. HP: 112/112 MP: 45/45
 50797 | Swamp:2  | Reached ****** piety under Ashenzari
 51074 | Swamp:2  | Learned a level 8 spell: Maxwell's Capacitive Coupling
 51328 | Swamp:2  | Identified the +5 barding of Midwinter {*Corrode rF+
                  | Regen+}
 51357 | Swamp:2  | Identified the Precepts of the Door and Austromancy
 52434 | Swamp:4  | Entered Level 4 of the Swamp
 54278 | Swamp:4  | Got a decaying rune of Zot
 54622 | Depths:1 | Entered Level 1 of the Depths
 55046 | Depths:1 | Reached skill level 10 in Evocations
 55296 | Depths:1 | Reached skill level 18 in Air Magic
 55496 | Depths:1 | Noticed Asterion
 55502 | Depths:1 | Killed Asterion
 55589 | Depths:1 | Found a glowing silver altar of Zin.
 55590 | Depths:1 | Found a runed translucent door.
 56433 | Depths:1 | Found a gateway to Hell.
 56486 | Depths:2 | Found a shadowy altar of Dithmenos.
 56500 | Depths:2 | Found a one-way gate leading to the halls of Pandemonium.
 56568 | Depths:2 | Reached XP level 21. HP: 119/119 MP: 47/47
 56990 | Depths:2 | Noticed a juggernaut
 57004 | Depths:2 | Killed a juggernaut
 57070 | Depths:2 | Noticed a golden dragon
 57434 | Depths:2 | Identified the +10 rapier of Annoyance {drain, MP-9 Str+6
                  | Stlth+}
 58098 | Depths:2 | Found a one-way gate leading to the halls of Pandemonium.
 58168 | Depths:2 | Killed a golden dragon
 58245 | Depths:2 | Found a shadowy altar of Dithmenos.
 58989 | Depths:3 | Noticed a dread lich
 59017 | Depths:3 | Killed a dread lich
 59409 | Depths:3 | Found a one-way gate to the infinite horrors of the Abyss.
 59468 | Depths:3 | Identified the +4 ring mail of the Guilds {Str+3}
 59760 | Depths:3 | Reached skill level 19 in Air Magic
 60102 | Depths:3 | Voluntarily entered the Abyss.
 60248 | Abyss:2  | Found a corrupted altar of Lugonu.
 60415 | Abyss:2  | Found a corrupted altar of Lugonu.
 60463 | Abyss:2  | Reached XP level 22. HP: 122/124 MP: 49/49
 60786 | Abyss:3  | Found a corrupted altar of Lugonu.
 60922 | Abyss:3  | Paralysed by accursed screaming for 2 turns
 60925 | Abyss:3  | Gained mutation: You occasionally lose the ability to read
                  | scrolls when taking damage. [a neqoxec]
 61328 | Abyss:3  | Gained mutation: You sometimes lose the ability to read
                  | scrolls when taking damage. [a neqoxec]
 61349 | Abyss:3  | Got an abyssal rune of Zot
 61387 | Abyss:3  | Reached skill level 20 in Air Magic
 61422 | Abyss:3  | Found a corrupted altar of Lugonu.
 61669 | Depths:3 | Escaped the Abyss
 61717 | Depths:4 | Entered Level 4 of the Depths
 61875 | Depths:3 | Lost mutation: You sometimes lose the ability to read
                  | scrolls when taking damage. [potion of mutation]
 61875 | Depths:3 | Lost mutation: You occasionally lose the ability to read
                  | scrolls when taking damage. [potion of mutation]
 61875 | Depths:3 | Gained mutation: You occasionally lose the ability to drink
                  | potions when taking damage. [potion of mutation]
 61875 | Depths:3 | Gained mutation: You occasionally shout uncontrollably at
                  | your foes. [potion of mutation]
 61875 | Depths:3 | Gained mutation: You are partially covered in iridescent
                  | scales. (AC +2) [potion of mutation]
 61876 | Depths:3 | Lost mutation: You occasionally lose the ability to drink
                  | potions when taking damage. [potion of mutation]
 61876 | Depths:3 | Lost mutation: You are partially covered in iridescent
                  | scales. (AC +2) [potion of mutation]
 61876 | Depths:3 | Gained mutation: Your magical capacity is low. (-10% MP)
                  | [potion of mutation]
 61876 | Depths:3 | Gained mutation: You are robust. (+10% HP) [potion of
                  | mutation]
 61877 | Depths:3 | Lost mutation: Your magical capacity is low. (-10% MP)
                  | [potion of mutation]
 61877 | Depths:3 | Lost mutation: You occasionally shout uncontrollably at
                  | your foes. [potion of mutation]
 62457 | Depths:4 | Reached skill level 21 in Air Magic
 63010 | Depths:4 | Found a gate to the Realm of Zot.
 63398 | Depths:4 | Noticed a golden dragon
 63399 | Depths:4 | Found a one-way gateway to a ziggurat.
 63410 | Depths:4 | Killed a golden dragon
 63725 | Depths:4 | Found a gateway to a bazaar.
 64001 | Bazaar   | Entered a bazaar
 64005 | Bazaar   | Found Dyothripp's Jewellery Boutique.
 64027 | Bazaar   | Found Mef Tute's Weapon Emporium.
 64048 | Bazaar   | Found Tutir's Armour Boutique.
 64053 | Bazaar   | Bought the +3 warlock's mirror {omnireflect} for 600 gold
                  | pieces
 64053 | Bazaar   | Found the +3 warlock's mirror {omnireflect}
 64074 | Bazaar   | Found Ohaff's Antique Armour Shoppe.
 64080 | Bazaar   | Bought a smoking cloak for 256 gold pieces
 64080 | Bazaar   | Identified the +3 cloak "Wirchum" {Str+6} (You bought it in
                  | a shop in a bazaar)
 64214 | Zot:1    | Entered Level 1 of the Realm of Zot
 64242 | Zot:1    | Noticed a golden dragon
 64247 | Zot:1    | Killed a golden dragon
 64358 | Zot:1    | Reached XP level 23. HP: 78/137 MP: 6/48
 65573 | Zot:1    | Noticed a golden dragon
 65591 | Zot:1    | Killed a golden dragon
 66694 | Zot:2    | Found a transporter.
 66989 | Zot:2    | Identified the ring "Ufeudgh" {rC+ Int+3}
 67001 | Zot:2    | Noticed a golden dragon
 67003 | Zot:2    | Killed a golden dragon
 67012 | Zot:2    | Noticed asti's ghost (veteran MiFi)
 67573 | Zot:2    | Noticed a golden dragon
 67581 | Zot:2    | Killed a golden dragon
 67761 | Zot:2    | Identified the ring "Acwemm" {Fly Will- Str+4 Int+6}
 67762 | Zot:2    | Found a transporter.
 67763 | Zot:2    | Identified the ring of the Sun {Fly rElec rC+ rCorr}
 67784 | Zot:2    | Found a transporter.
 67788 | Zot:2    | Found a transporter.
 68120 | Zot:2    | Noticed a curse toe
 68315 | Zot:2    | Gained mutation: Your body sometimes deteriorates upon
                  | taking damage. [mutagenic glow]
 68316 | Zot:2    | Killed a curse toe
 68321 | Zot:2    | Identified the cursed +0 pair of gloves of the Eternal
                  | Firmament {Fort, Comp} (You found it on level 3 of the
                  | Dungeon)
 68321 | Zot:2    | Identified the cursed +2 pair of boots of Ashenzari's
                  | Augurer {Bglg, Cun} (You found it in an ice cave)
 68331 | Zot:2    | Gained mutation: You are agile. (Dex +4, Str/Int -1)
                  | [mutagenic glow]
 68345 | Zot:2    | Gained mutation: Armour fits poorly on your strangely
                  | shaped body. [mutagenic glow]
 68626 | Zot:3    | Reached skill level 15 in Dodging
 68675 | Zot:3    | Reached XP level 24. HP: 73/145 MP: 18/49
 68877 | Zot:5    | Entered Level 5 of the Realm of Zot
 69069 | Zot:5    | Noticed an orb of fire
 69125 | Zot:5    | Noticed a curse toe
 69178 | Zot:5    | Killed a curse toe
 69423 | Zot:5    | Killed an orb of fire
 69635 | Zot:5    | Noticed a dread lich
 69637 | Zot:5    | Killed a dread lich
 69640 | Zot:5    | Noticed a dread lich
 69693 | Zot:5    | Killed a dread lich
 69792 | Zot:5    | Noticed an orb of fire
 69802 | Zot:5    | Noticed a Killer Klown
 69803 | Zot:5    | Noticed an orb of fire
 69808 | Zot:5    | Noticed a dread lich
 69820 | Zot:5    | Killed an orb of fire
 69876 | Zot:5    | Gained mutation: You have hidden genetic defects. [an orb
                  | of fire]
 69881 | Zot:5    | Killed an orb of fire
 69961 | Zot:5    | Killed a dread lich
 70007 | Zot:5    | Noticed a dread lich
 70026 | Zot:5    | Killed a dread lich
 70154 | Zot:5    | Killed a Killer Klown
 70218 | Zot:5    | Got the Orb of Zot
 70220 | Zot:5    | Lost mutation: You are agile. (Dex +4, Str/Int -1) [hidden
                  | defects]
 70421 | Zot:1    | Reached skill level 10 in Armour
 70565 | Depths:1 | Gained mutation: You occasionally lose the ability to read
                  | scrolls when taking damage. [a cacodemon]
 70772 | D:4      | Reached XP level 25. HP: 150/150 MP: 36/50
 70910 | D:$      | Escaped with the Orb!

Illustrated notes

Levels and vault maps discovered:
D:1:      mainiacjoe_arrival_reflecting_pool, layout_basic
D:2:      layout_loops_cross, shapermc_ecumenical_altar_rom_forum, uniq_robin,
          uniq_jessica
D:3:      layout_loops_corners, nicolae_overflow_hidden_temple,
          kennysheep_generic_room_2
D:4:      layout_loops_corners, nicolae_uskayaw_en_pointe,
          gup_sewer_entry_spiral, uniq_edmund
D:5:      layout_basic, serial_shops, shop, uniq_sigmund, uniq_menkaure
D:6:      layout_cave_pools, lemuel_tele_altar, nicolae_gozag_zags_fifth_avenue
D:7:      lemuel_insect_pit, layout_loops_ring,
          nicolae_hepliaklqana_monster_ancestors, minmay_temple_entry_grid,
          enter_bailey_5
D:8:      minmay_the_grid_triangle_9x9_rhombus_thin
          [minmay_the_grid_triangle_9x9_steps,
          minmay_the_grid_triangle_9x9_prize_top_heavy,
          minmay_the_grid_triangle_9x9_semitri,
          minmay_the_grid_triangle_9x9_windchime], layout_basic,
          nicolae_qazlal_general_emergency, nicolae_diode_quadrants, uniq_pikel,
          uniq_joseph
D:9:      layout_cave_pools, elyvilon_altar_3, david_lair_shrubbed,
          gammafunk_ghost_grave, hangedman_abyss_or_decor_passed
D:10:     minmay_weird_star, layout_stronghold, orc_0_dummy, hex_large
D:11:     layout_irregular_city
D:12:     layout_small_grid
D:13:     minmay_clustersquares, layout_rooms, lightli_elemental_guards,
          uniq_josephine
D:14:     layout_stronghold, lightli_vaults_fourway_checkpoint,
          nicolae_concentric_dashed_squares_wild, minmay_misc_feat_columns
D:15:     gammafunk_enter_depths_forms, layout_rooms, gauntlet_entry_generic,
          st_stairs_11, hangedman_batty
Temple:   hellmonk_temple_divided_pantheon
Lair:1:   layout_chaotic_city, gammafunk_ghost_icy,
          chequers_serial_rivers_micro_b, st_stairs_10, serial_bayou_pond_d,
          grunt_megastairs_2, uniq_nergalle
Lair:2:   layout_roguey, dummy_snake_entry, minmay_shattered_shrine
Lair:3:   layout_layer_cave, skrybe_swamp_entry_bodies, serial_bayou_shore_b
Lair:4:   layout_cave_pods, wad_woods_03, grunt_megastairs_3,
          serial_bayou_shore_b
Lair:5:   grunt_lair_end_beastmaster, layout_regular_city,
          nicolae_slime_entry_field_trip, grunt_forest_small_clearing_treed,
          lemuel_fruit_tree, uniq_sonja, uniq_kirke
Swamp:1:  layout_basic_swamp, nicolae_swamp_triple_paths, swamp_pool1,
          cheibrodos_swamp_minitomb, uniq_frances
Swamp:2:  layout_basic_swamp, evilmike_swamp_ruin_house_6, swamp_pool3
Swamp:3:  layout_basic_swamp, evilmike_swamp_ruin_rubble_1,
          infiniplex_staircase_pool
Swamp:4:  swamp_icy, layout_basic_swamp, swamp_pool2
Snake:1:  layout_misc_corridors, beargit_elvish_explorers, minmay_shop_star
Snake:2:  layout_chambers, nicolae_shop_clearance, uniq_saint_roka,
          uniq_mlioglotl, uniq_aizul
Snake:3:  layout_misc_corridors, drop_trap, corexii_hall_statues_x
Snake:4:  minmay_snake_end_coiled, layout_grid_maze,
          nicolae_snake_serpentine_bazaar, uniq_bai_suzhen, uniq_louise
Orc:1:    layout_caves, uniq_erica
Orc:2:    st_orc_elflike, layout_caves, portal_ice_cave_rime, uniq_maurice
Elf:1:    layout_onion_city, minmay_elf_crystal_hexagon, minmay_shop_grove
Elf:2:    elven_hall_of_blades_hangedman_alternative
          [mumra_blade_entry_bloodbath], layout_loops_corners, serial_shops,
          shop_fountains
Elf:3:    minmay_elf_hall_quartered_circle, layout_onion_city
Depths:1: layout_gridville, grunt_hell_entry_dis_old,
          chequers_serial_rivers_small_b, chequers_serial_rivers_marsh,
          minivault_16, minivault_11, minmay_misc_feat_pillars, st_stairs_11,
          minmay_gold_behind_fungi, grunt_ministairs_14, lemuel_angel_altar,
          uniq_asterion
Depths:2: minmay_crescents, layout_gridlike, lemuel_round_altar,
          pf_vacation_house_of_asmodeus, rand_demon_pan_entry_3,
          infiniplex_staircase_door_maze
Depths:3: hellmonk_paralyzer, layout_cave_pools, minmay_holes,
          grunt_mini_vestibule, abyss_entry, lemuel_freeze_loot_1
Depths:4: grunt_zot_entry_hairpin, layout_honeycomb, enter_ziggurat_b,
          serial_shops, statue_bzr, abyss_entry_crystal, hell_entry,
          hangedman_decor_riveting, serial_bayou_shore_b
Zot:1:    layout_cathedral_of_symmetry
Zot:2:    gammafunk_its_a_trap, layout_gridlike, gammafunk_ghost_arena
Zot:3:    layout_misc_corridors, hangedman_zot_spectrum
Zot:4:    layout_gridville
Zot:5:    layout_twisted_circle, bh_zot_levy_curve

Skill      XL: |  1  2  3  4  5  6  7  8  9 10 11 12 13 14 15 16 17 18 19 20 21 22 23 24 |
---------------+-------------------------------------------------------------------------+-----
Fighting       | 1 3 4 6 7 9 10 11 12 | 12.5
Stealth        | 3 4 6 7 10 12 13 | 13.8
Dodging        | 2 4 5 7 8 9 10 11 12 13 14 15 | 15.9
Spellcasting   | 3 4 5 6 9 10 12 14 15 16 17 18 19 | 19.4
Conjurations   | 2 3 5 7 10 12 13 | 13.4
Air Magic      | 4 5 7 8 10 11 16 17 18 19 21 | 21.9
Evocations     | 2 3 6 8 9 10 12 14 | 14.2
Short Blades   | 5 8 |  8.0
Armour         | 2 4 5 6 7 8 9 10 | 10.0
Ice Magic      | 5 |  5.1
Translocations | 3 |  3.0

Action                     |  1- 3 |  4- 6 |  7- 9 | 10-12 | 13-15 | 16-18 | 19-21 | 22-24 | 25-27 || total
---------------------------+-------+-------+-------+-------+-------+-------+-------+-------+-------++-------
  Melee: Dagger            |    26 |    57 |   146 |   330 |   766 |   381 |       |       |       ||  1706
         Bite              |     5 |    15 |    43 |   142 |   388 |   184 |   364 |   595 |     4 ||  1740
         Punch             |       |       |       |    10 |    11 |       |       |       |       ||    21
         Quick blade       |       |       |       |       |       |    25 |   791 |  1143 |     7 ||  1966
   Cast: Shock             |    59 |   144 |   115 |    52 |     1 |       |       |       |       ||   371
         Static Discharge  |     2 |     3 |    28 |    45 |    19 |     9 |       |       |       ||   106
         Airstrike         |       |       |     3 |   149 |   327 |   438 |   580 |   311 |     4 ||  1812
         Swiftness         |       |       |       |     5 |     1 |     2 |     2 |     2 |       ||    12
         Freezing Cloud    |       |       |       |       |    41 |    47 |    19 |    20 |       ||   127
         Summon Lightning  |       |       |       |       |       |     4 |     5 |     2 |       ||    11
         Arcjolt           |       |       |       |       |       |    13 |    96 |   138 |     4 ||   251
         Lightning Bolt    |       |       |       |       |       |     7 |     5 |     3 |       ||    15
         Kindle Blastspark |       |       |       |       |       |     1 |     1 |       |       ||     2
         Maxwell's Capacit |       |       |       |       |       |       |     5 |    24 |       ||    29
         Apportation       |       |       |       |       |       |       |       |     2 |       ||     2
 Invoke: Curse Item        |       |       |     1 |     8 |     2 |     2 |     4 |     1 |       ||    18
         Shatter the Chain |       |       |       |     2 |     1 |     4 |       |     2 |       ||     9
  Evoke: Wand              |       |     3 |    13 |     5 |       |     9 |     5 |    25 |       ||    60
         Condenser vane    |       |       |       |     1 |     2 |     3 |     2 |     6 |       ||    14
         Box of beasts     |       |       |       |       |       |     3 |     1 |     8 |       ||    12
         Tin of tremorston |       |       |       |       |       |     6 |     2 |    12 |       ||    20
         Phial of floods   |       |       |       |       |       |     1 |       |     3 |       ||     4
    Use: Scroll            |       |       |     6 |     4 |     4 |     5 |     5 |    10 |       ||    34
         Potion            |       |       |       |       |     1 |       |       |    21 |       ||    22
   Stab: Sleeping          |       |     1 |     4 |     4 |     7 |     7 |    47 |    25 |       ||    95
         Petrifying        |       |       |       |       |     2 |       |       |       |       ||     2
         Petrified         |       |       |       |       |     1 |       |       |       |       ||     1
         Distracted        |       |       |       |       |       |     4 |     2 |     9 |       ||    15
         Invisible         |       |       |       |       |       |     2 |       |     6 |       ||     8
 Armour: Robe              |    10 |    23 |    43 |    34 |       |       |       |       |       ||   110
         Scale mail        |       |       |       |   162 |   347 |   125 |   210 |   329 |     9 ||  1182
         Skin              |       |       |       |       |       |       |       |    51 |       ||    51
  Dodge: Dodged            |    14 |    51 |   110 |   213 |   509 |   201 |   275 |   554 |    16 ||  1943
  Block: Other             |       |       |       |       |   164 |       |       |       |       ||   164
         Reflection        |       |       |       |       |     4 |    58 |    61 |    38 |       ||   161
         Kite shield       |       |       |       |       |     3 |   286 |   498 |   459 |       ||  1246
         Buckler           |       |       |       |       |       |       |       |   287 |     8 ||   295

Table legend: (Time is in decaauts)
 A = Elapsed time spent in this place.
 B = Non-inter-level travel time spent in this place.
 C = Inter-level travel time spent in this place.
 D = Time resting spent in this place.
 E = Time spent auto-exploring this place.
 F = Levels seen in this place.
 G = Mean time per level.
                   A        B        C        D        E       F      G
               +--------+--------+--------+--------+--------+-----+--------+
         Total |  69838 |  65209 |   4629 |   7228 |  45455 |  51 | 1369.4 |
       Dungeon |  20352 |  18178 |   2174 |   1314 |  13739 |  15 | 1356.8 |
        Temple |     30 |     30 |      0 |      0 |      0 |   1 |   30.0 |
          Lair |  10068 |   9431 |    637 |    846 |   7134 |   5 | 2013.6 |
         Swamp |   5228 |   5072 |    156 |    238 |   4002 |   4 | 1307.0 |
     Snake Pit |   6786 |   6538 |    248 |    633 |   4907 |   4 | 1696.5 |
  Orcish Mines |   1887 |   1725 |    162 |    179 |   1071 |   2 |  943.5 |
   Elven Halls |   6648 |   6359 |    289 |    840 |   4557 |   3 | 2216.0 |
        Depths |   8043 |   7368 |    675 |    465 |   5737 |   4 | 2010.8 |
           Zot |   5706 |   5421 |    285 |   1236 |   2696 |   5 | 1141.2 |
         Abyss |   1247 |   1247 |      0 |     37 |    287 |   3 |  415.7 |
        Bazaar |    112 |    112 |      0 |      0 |     85 |   1 |  112.0 |
         Sewer |    592 |    592 |      0 |      0 |    502 |   1 |  592.0 |
        Bailey |    605 |    605 |      0 |    113 |    255 |   1 |  605.0 |
      Ice Cave |   1863 |   1863 |      0 |   1300 |      1 |   1 | 1863.0 |
      Gauntlet |    665 |    665 |      0 |     25 |    479 |   1 |  665.0 |
               +--------+--------+--------+--------+--------+-----+--------+

Top non-repeatable levels by time:
 Snake:4: 2942 daAuts
   Elf:3: 2615 daAuts
   Elf:2: 2437 daAuts
Depths:4: 2331 daAuts
  Lair:1: 2246 daAuts
  Lair:2: 2183 daAuts
   Zot:1: 2148 daAuts
Depths:2: 2139 daAuts
  Lair:4: 2056 daAuts
Depths:1: 2011 daAuts
 Swamp:4: 1975 daAuts
   Zot:2: 1905 daAuts
  Lair:5: 1879 daAuts
   IceCv: 1863 daAuts
  Lair:3: 1701 daAuts
